 Dungeon Crawl Stone Soup version 0.25-a0-108-gda8bd6cf83 (webtiles) character file.

Game seed: 866995636470824680, levelgen mode: deterministic

566 Ijustatesigmund the Shield-Bearer (level 7, -20/60 HPs)
             Began as a Gnoll Fighter on Nov 18, 2019.
             Demolished by Duvessa
             ... wielding a +0 short sword of distortion
              (21 damage)
             ... on level 4 of the Dungeon.
             The game lasted 00:06:47 (3514 turns).

Ijustatesigmund the Shield-Bearer (Gnoll Fighter)   Turns: 3514, Time: 00:06:48

Health: -20/60     AC:  9    Str: 18    XL:     7   Next: 32%
Magic:  10/10      EV:  9    Int: 12    God:
Gold:   264        SH: 11    Dex: 15    Spells: 10/10 levels left

rFire    . . .     SeeInvis .   a - +0 flail (drain)
rCold    . . .     Gourm    .   c - +0 shield
rNeg     . . .     Faith    .   b - +0 scale mail
rPois    .         Spirit   .   s - +0 helmet
rElec    .         Reflect  .   (no cloak)
rCorr    +         Harm     .   (no gloves)
MR       .....                  (no boots)
Stlth    +.........             (no amulet)
HPRegen  0.20/turn              t - ring of resist corrosion
MPRegen  0.12/turn              (no ring)

@: no status effects
A: distributed training, fangs 1, strong nose
a: no special abilities


You were on level 4 of the Dungeon.
You were not hungry.

You visited 1 branch of the dungeon, and saw 5 of its levels.
You also visited: Ossuary.

You collected 264 gold pieces.

Inventory:

Hand Weapons
 a - a +0 flail of draining (weapon)
Armour
 b - a +0 scale mail (worn)
 c - a +0 shield (worn)
 s - a +0 helmet (worn)
Jewellery
 t - a ring of resist corrosion (left hand)
Wands
 l - a wand of flame (16)
 r - a wand of polymorph (1)
Scrolls
 g - 4 scrolls of teleportation
 h - 2 scrolls of magic mapping {unknown}
 j - 3 scrolls of remove curse
 u - 3 scrolls of amnesia
Potions
 e - 2 potions of flight
 i - 3 potions of cancellation
 k - a potion of haste
 n - 3 potions of ambrosia
 o - 5 potions of curing
 q - 2 potions of resistance {unknown}
 v - 2 potions of magic {unknown}
 w - 2 potions of brilliance {unknown}
Comestibles
 f - 7 rations


   Skills:
 + Level 7.0 Fighting
 + Level 2.3 Short Blades
 + Level 2.3 Long Blades
 + Level 2.3 Axes
 + Level 5.2 Maces & Flails
 + Level 2.3 Polearms
 + Level 2.3 Staves
 + Level 2.3 Slings
 + Level 2.3 Bows
 + Level 2.3 Crossbows
 + Level 2.3 Throwing
 + Level 7.0 Armour
 + Level 2.3 Dodging
 + Level 2.3 Stealth
 + Level 7.0 Shields
 + Level 2.3 Unarmed Combat
 + Level 2.3 Spellcasting
 + Level 1.9 Conjurations
 + Level 1.9 Hexes
 + Level 1.9 Charms
 + Level 1.9 Summonings
 + Level 1.9 Necromancy
 + Level 1.9 Translocations
 + Level 1.9 Transmutations
 + Level 1.9 Fire Magic
 + Level 1.9 Ice Magic
 + Level 1.9 Air Magic
 + Level 1.9 Earth Magic
 + Level 1.9 Poison Magic
 + Level 2.6 Invocations
 + Level 2.3 Evocations


You had 10 spell levels left.
You didn't know any spells.
Your spell library was empty.

Dungeon Overview and Level Annotations

Branches:
Dungeon (5/15)            Ossuary (visited)
 Temple: D:4-7

Altars:
Fedhas
Okawaru
Vehumet
Zin
The Shining One

Annotations:
D:4 Duvessa


Innate Abilities, Weirdness & Mutations

Your experience applies equally to all skills.
You have very sharp teeth.
Your uncanny sense of smell can sniff out nearby items.


Message History

Deactivating autopickup; reactivate with Ctrl-A.
Something hits you.
* * * LOW HITPOINT WARNING * * *
Something shocks you.
* * * LOW HITPOINT WARNING * * *
Okay, then.
As you read the scroll labeled MOFOIZX OSUYSCH, it crumbles to dust.
You hear a loud clanging noise!
It was a scroll of noise.
Something hits you but does no damage.
Duvessa grits her teeth and focuses.
As you read the scroll labeled JEX KARAUQASM, it crumbles to dust.
It is a scroll of brand weapon.
Your +0 flail craves living souls!
a - a +0 flail of draining (weapon)
Something hits you.
* * * LOW HITPOINT WARNING * * *
Something shocks you.
* * * LOW HITPOINT WARNING * * *
Duvessa hits you but does no damage. Space warps horribly around you!!
You die...

##..##.........#.........>
#........#.....)..........
#...<...###......#........
##.......###.<#....<.>.....
##.........##..#...#........
###.#.....#......<.####.......
####.#.......#.##...........)#...
#.##.#....#....{e...........##...
..........###...@.....#..........
.....#.....##........##..........
...####...............##.........
....#.........#..................
..............#..#..#.....#......
................##..#.....#......
..#.......##.##..#..##...........
.........##...##.................
........##.....##.....#####......


You could see Duvessa.

Vanquished Creatures
  2 elf zombies (Ossuary)
  2 scorpions (D:4)
  Dowan (D:5)
  A bullfrog zombie (D:5)
  A hound (D:4)
  A human zombie (Ossuary)
  A big kobold zombie (Ossuary)
  A hound zombie (Ossuary)
  4 mummies (Ossuary)
  2 adders (D:3)
  A shadow imp (D:4)
  An adder skeleton (D:4)
  An adder zombie (Ossuary)
  2 worms (D:2)
  2 dart slugs (D:1)
  4 orcs
  4 bats
  3 giant cockroaches
  3 goblins
  3 hobgoblins
  14 jackals
  2 quokkas (D:2)
  3 frilled lizards
  A goblin zombie (Ossuary)
  2 hobgoblin zombies (Ossuary)
  A jackal skeleton (D:4)
  4 kobolds
  A kobold zombie (Ossuary)
  2 orc zombies (Ossuary)
  5 rats
75 creatures vanquished.

Notes
Turn   | Place    | Note
-------+----------+-------------------------------------------
     0 | D:1      | Ijustatesigmund the Gnoll Fighter began the quest for the
                  | Orb.
     0 | D:1      | Reached XP level 1. HP: 23/23 MP: 1/1
   251 | D:1      | Reached XP level 2. HP: 27/29 MP: 2/2
   811 | D:2      | Reached XP level 3. HP: 35/35 MP: 3/3
   975 | D:2      | Reached skill level 1 in Invocations
  1331 | D:2      | Found a radiant altar of Vehumet.
  1419 | D:2      | Reached skill level 1 in Short Blades
  1419 | D:2      | Reached skill level 1 in Long Blades
  1419 | D:2      | Reached skill level 1 in Axes
  1419 | D:2      | Reached skill level 1 in Polearms
  1419 | D:2      | Reached skill level 1 in Staves
  1419 | D:2      | Reached skill level 1 in Slings
  1419 | D:2      | Reached skill level 1 in Bows
  1419 | D:2      | Reached skill level 1 in Crossbows
  1419 | D:2      | Reached skill level 1 in Throwing
  1419 | D:2      | Reached skill level 1 in Dodging
  1419 | D:2      | Reached skill level 1 in Stealth
  1419 | D:2      | Reached skill level 1 in Unarmed Combat
  1419 | D:2      | Reached skill level 1 in Spellcasting
  1419 | D:2      | Reached skill level 1 in Evocations
  1439 | D:2      | Found a glowing golden altar of the Shining One.
  1618 | D:3      | Reached XP level 4. HP: 41/41 MP: 5/5
  1702 | D:3      | Found a blossoming altar of Fedhas.
  1702 | D:3      | Found an iron altar of Okawaru.
  2417 | D:4      | Reached skill level 1 in Conjurations
  2417 | D:4      | Reached skill level 1 in Hexes
  2417 | D:4      | Reached skill level 1 in Charms
  2417 | D:4      | Reached skill level 1 in Summonings
  2417 | D:4      | Reached skill level 1 in Necromancy
  2417 | D:4      | Reached skill level 1 in Translocations
  2417 | D:4      | Reached skill level 1 in Transmutations
  2417 | D:4      | Reached skill level 1 in Fire Magic
  2417 | D:4      | Reached skill level 1 in Ice Magic
  2417 | D:4      | Reached skill level 1 in Air Magic
  2417 | D:4      | Reached skill level 1 in Earth Magic
  2417 | D:4      | Reached skill level 1 in Poison Magic
  2422 | D:4      | Reached XP level 5. HP: 26/47 MP: 6/6
  2663 | D:4      | Found a glowing silver altar of Zin.
  2767 | D:4      | Reached XP level 6. HP: 53/53 MP: 8/8
  2927 | D:5      | Entered Level 5 of the Dungeon
  2927 | D:5      | Noticed Dowan
  2928 | D:5      | Noticed Duvessa
  2935 | D:5      | Found a sand-covered staircase.
  2939 | Ossuary  | Entered an ossuary
  2952 | Ossuary  | Reached skill level 5 in Maces & Flails
  2978 | Ossuary  | Reached XP level 7. HP: 24/59 MP: 10/10
  3328 | D:5      | Killed Dowan
  3514 | D:4      | HP: 1/60 [something (5)]
  3514 | D:4      | Demolished by Duvessa

Levels and vault maps discovered:
D:1:      tarquinn_simple_flora_water_f, layout_loops_ring
D:2:      layout_basic, lemuel_coloured_pillars_altar, fiery_altar_vehumet,
          minmay_strange_pillars
D:3:      layout_basic, gammafunk_temple_overflow_statue, grunt_decor_resistance
D:4:      layout_cave_pools, lemuel_round_altar, minmay_misc_feat_doors,
          minmay_stone_trees_small
D:5:      layout_gridville, kennysheep_mini, first_ration,
          nicolae_ossuary_entry_plus, serial_shops, nicolae_shop_trees,
          uniq_ijyb, uniq_duvessa

Skill      XL: |  1  2  3  4  5  6  7 |
---------------+----------------------+-----
Invocations    | 1 2 |  2.6
Short Blades   | 1 2 |  2.3
Long Blades    | 1 2 |  2.3
Axes           | 1 2 |  2.3
Polearms       | 1 2 |  2.3
Staves         | 1 2 |  2.3
Slings         | 1 2 |  2.3
Bows           | 1 2 |  2.3
Crossbows      | 1 2 |  2.3
Throwing       | 1 2 |  2.3
Dodging        | 1 2 |  2.3
Stealth        | 1 2 |  2.3
Unarmed Combat | 1 2 |  2.3
Spellcasting   | 1 2 |  2.3
Evocations     | 1 2 |  2.3
Conjurations   | 1 |  1.9
Hexes          | 1 |  1.9
Charms         | 1 |  1.9
Summonings     | 1 |  1.9
Necromancy     | 1 |  1.9
Translocations | 1 |  1.9
Transmutations | 1 |  1.9
Fire Magic     | 1 |  1.9
Ice Magic      | 1 |  1.9
Air Magic      | 1 |  1.9
Earth Magic    | 1 |  1.9
Poison Magic   | 1 |  1.9
Maces & Flails | 5 |  5.2
Fighting       | 7 |  7.0
Armour         | 7 |  7.0
Shields        | 7 |  7.0

Action                   |  1- 3 |  4- 6 |  7- 9 || total
-------------------------+-------+-------+-------++-------
Melee: Flail             |   117 |   111 |    68 ||   296
       Bite              |    16 |    11 |     9 ||    36
Evoke: Wand              |       |     2 |     2 ||     4
  Use: Scroll            |    10 |       |     5 ||    15
       Potion            |       |     2 |     1 ||     3
  Eat: Chunk             |     2 |     4 |       ||     6
       Ration            |       |       |     1 ||     1
Armor: Scale mail        |    43 |    91 |    21 ||   155
       Skin              |       |       |     1 ||     1
Dodge: Dodged            |    39 |   141 |    22 ||   202
Block: Shield            |    61 |   147 |    38 ||   246

Table legend:
 A = Non-vault XP
 B = Vault XP
 C = Vault XP percentage of total XP
 D = Non-vault monster count
 E = Vault monster count
 F = Vault count percentage of total count
                 A         B        C        D         E       F
            +---------+---------+-------+---------+---------+-------
      Total |     378 |     431 |  53.3 |      58 |      17 |  22.7
            +---------+---------+-------+---------+---------+-------
        D:1 |      29 |       0 |   0.0 |      14 |       0 |   0.0
        D:2 |      52 |       0 |   0.0 |      27 |       0 |   0.0
        D:3 |      29 |       0 |   0.0 |       3 |       0 |   0.0
        D:4 |     222 |       0 |   0.0 |      13 |       0 |   0.0
        D:5 |      46 |      69 |  60.0 |       1 |       1 |  50.0
    Ossuary |       0 |     362 | 100.0 |       0 |      16 | 100.0
            +---------+---------+-------+---------+---------+-------
